3AA
CASPER GHOSTS @ FT. POLK SOUTH THUNDER HAWKS
08/17/2028
 
TOP OF THE 1ST
Casper Ghosts batting - Pitching for Ft. Polk South Thunder Hawks : RHP Ramón Solís
Pitching: RHP Ramón Solís
Batting: RHB Blake Snow 0-0: Swinging Strike
0-1: Swinging Strike
0-2: Foul Ball, location: 2F
0-2: Strikes out swinging
Batting: RHB Warner Robinson 0-0: Called Strike
0-1: Swinging Strike
0-2: Foul Ball, location: 2F
0-2: Ground out 5-3 (Groundball, 5L)
Batting: LHB Kyle Mann 0-0: Ball
1-0: Ball
2-0: Foul Ball, location: 2F
2-1: Fly out, F7 (Line Drive, 7)
Top of the 1st over - 0 run(s), 0 hit(s), 0 error(s), 0 left on base; Casper 0 - Ft. Polk South 0
BOTTOM OF THE 1ST
Ft. Polk South Thunder Hawks batting - Pitching for Casper Ghosts : RHP Júlio Vázquez
Pitching: RHP Júlio Vázquez
Batting: RHB Chan-Wook Park 0-0: Called Strike
0-1: Foul Ball, location: 2F
0-2: Ball
1-2: Ball
2-2: SINGLE (Groundball, 6MD)
Batting: RHB Peter Feng 0-0: Ball
1-0: Ball
2-0: Swinging Strike
2-1: SINGLE (Groundball, 34S) (infield hit)
Chan-Wook Park to second
Batting: RHB Jesús Torres 0-0: Grounds into double play, 6-4-3 (Groundball, 6)
Chan-Wook Park to third
Batting: RHB Rob Morse 0-0: Ball
1-0: Ball
2-0: SINGLE (Groundball, 6MD)
Chan-Wook Park scores
Batting: RHB Aaron Dixon 0-0: Ball
1-0: Ball
2-0: Foul Ball, location: 2F
2-1: Swinging Strike
2-2: Foul Ball, location: 2F
2-2: Strikes out swinging
Bottom of the 1st over - 1 run(s), 3 hit(s), 0 error(s), 1 left on base; Casper 0 - Ft. Polk South 1
TOP OF THE 2ND
Casper Ghosts batting - Pitching for Ft. Polk South Thunder Hawks : RHP Ramón Solís
Batting: RHB Richard Jost 0-0: SINGLE (Groundball, 56S) (infield hit)
Batting: RHB Ron Coffman 0-0: Fly out, F7 (Flyball, 7D)
Runner from 1st tags up, OUT at 2nd
Batting: RHB Ron Thomas 0-0: Foul Ball, location: 2F
0-1: Called Strike
0-2: Ball
1-2: Fly out, F3 (Popup, 3S)
Top of the 2nd over - 0 run(s), 1 hit(s), 0 error(s), 0 left on base; Casper 0 - Ft. Polk South 1
BOTTOM OF THE 2ND
Ft. Polk South Thunder Hawks batting - Pitching for Casper Ghosts : RHP Júlio Vázquez
Batting: RHB Erik Sterk 0-0: Called Strike
0-1: Foul Ball, location: 2F
0-2: Ball
1-2: Ball
2-2: Fly out, F7 (Flyball, 78S)
Batting: RHB Billy Hess 0-0: SINGLE (Groundball, 56D)
Batting: LHB Tim Stinson 0-0: Ball
1-0: Called Strike
1-1: Ball
2-1: Single, Error in OF, E7, batter to second base
Billy Hess to third
Batting: RHB Peter Agulera 0-0: Called Strike
0-1: Ball
1-1: Ball
2-1: Swinging Strike
2-2: Strikes out looking
Batting: RHB Chan-Wook Park 0-0: Foul Ball, location: 2F
0-1: Fly out, F8 (Flyball, 8LXD)
Bottom of the 2nd over - 0 run(s), 2 hit(s), 1 error(s), 2 left on base; Casper 0 - Ft. Polk South 1
TOP OF THE 3RD
Casper Ghosts batting - Pitching for Ft. Polk South Thunder Hawks : RHP Ramón Solís
Batting: RHB Bob Mager 0-0: Called Strike
0-1: Fly out, F9 (Flyball, 9)
Batting: RHB Burt Babbs 0-0: Ball
1-0: Ground out 5-3 (Groundball, 56S)
Batting: RHB Manny Maltby 0-0: Fly out, F8 (Flyball, 8RD)
Top of the 3rd over - 0 run(s), 0 hit(s), 0 error(s), 0 left on base; Casper 0 - Ft. Polk South 1
BOTTOM OF THE 3RD
Ft. Polk South Thunder Hawks batting - Pitching for Casper Ghosts : RHP Júlio Vázquez
Batting: RHB Peter Feng 0-0: Foul Ball, location: 2F
0-1: Foul Ball, location: 2F
0-2: Ball
1-2: Strikes out swinging
Batting: RHB Jesús Torres 0-0: Called Strike
0-1: Ball
1-1: Ground out 6-3 (Groundball, 6)
Batting: RHB Rob Morse 0-0: Ball
1-0: Foul Ball, location: 2F
1-1: SINGLE (Groundball, 56D)
Batting: RHB Aaron Dixon 0-0: Called Strike
0-1: Ball
1-1: Ground out 5-3 (Groundball, 56S)
Bottom of the 3rd over - 0 run(s), 1 hit(s), 0 error(s), 1 left on base; Casper 0 - Ft. Polk South 1
TOP OF THE 4TH
Casper Ghosts batting - Pitching for Ft. Polk South Thunder Hawks : RHP Ramón Solís
Batting: RHB Blake Snow 0-0: DOUBLE (Line Drive, 9LM)
Batting: RHB Warner Robinson 0-0: Ball
1-0: Called Strike
1-1: Ball
2-1: Ground out 5-3 (Groundball, 56)
Batting: LHB Kyle Mann 0-0: Called Strike
0-1: Ball
1-1: Foul Ball, location: 2F
1-2: Ball
2-2: Ball
3-2: Base on Balls
Batting: RHB Richard Jost 0-0: Ball
1-0: Ball
2-0: Ball
3-0: Base on Balls
Blake Snow to third
Kyle Mann to second
Batting: RHB Ron Coffman 0-0: Ground out 5-3 (Groundball, 56S)
Blake Snow scores
Kyle Mann to third
Richard Jost to second
Batting: RHB Ron Thomas 0-0: Called Strike
0-1: Ball
1-1: Ball
2-1: Called Strike
2-2: Fly out, F6 (Popup, 6D)
Top of the 4th over - 1 run(s), 1 hit(s), 0 error(s), 2 left on base; Casper 1 - Ft. Polk South 1
BOTTOM OF THE 4TH
Ft. Polk South Thunder Hawks batting - Pitching for Casper Ghosts : RHP Júlio Vázquez
Batting: RHB Erik Sterk 0-0: Swinging Strike
0-1: Swinging Strike
0-2: Strikes out swinging
Batting: RHB Billy Hess 0-0: Ball
1-0: SINGLE (Groundball, 6D)
Batting: LHB Tim Stinson 0-0: Ball
1-0: Foul Ball, location: 2F
1-1: Ball
2-1: Ball
3-1: Called Strike
3-2: Strikes out looking
Batting: RHB Peter Agulera 0-0: Swinging Strike
0-1: Swinging Strike
0-2: Ball
1-2: Ball
2-2: Ball
3-2: Base on Balls
Billy Hess to second
Batting: RHB Chan-Wook Park 0-0: Fly out, F7 (Line Drive, 7)
Bottom of the 4th over - 0 run(s), 1 hit(s), 0 error(s), 2 left on base; Casper 1 - Ft. Polk South 1
TOP OF THE 5TH
Casper Ghosts batting - Pitching for Ft. Polk South Thunder Hawks : RHP Ramón Solís
Batting: RHB Bob Mager 0-0: Foul Ball, location: 2F
0-1: Foul Ball, location: 2F
0-2: Foul Ball, location: 2F
0-2: Ground out 1-3 (Groundball, P)
Batting: RHB Burt Babbs 0-0: Ball
1-0: Ball
2-0: Ball
3-0: Base on Balls
Batting: RHB Manny Maltby 0-0: SINGLE (Line Drive, 9S)
Burt Babbs to second
Batting: RHB Blake Snow 0-0: Ball
Passed Ball!
Burt Babbs to third
Manny Maltby to second
1-0: Intentional Walk
Batting: RHB Warner Robinson 0-0: Ball
1-0: Grounds into fielders choice 6-2 (Groundball, 6)
Manny Maltby to third
Blake Snow to second
Batting: LHB Kyle Mann 0-0: Ball
1-0: Ball
2-0: Called Strike
2-1: Swinging Strike
2-2: Strikes out swinging
Top of the 5th over - 0 run(s), 1 hit(s), 0 error(s), 3 left on base; Casper 1 - Ft. Polk South 1
BOTTOM OF THE 5TH
Ft. Polk South Thunder Hawks batting - Pitching for Casper Ghosts : RHP Júlio Vázquez
Batting: RHB Peter Feng 0-0: Ball
1-0: SINGLE (Line Drive, 9S)
Batting: RHB Jesús Torres 0-0: Ball
Peter Feng steals 2nd base
1-0: Ball
2-0: Ball
3-0: Called Strike
3-1: SINGLE (Line Drive, 56)
Peter Feng to third
Runner from 3rd tries for Home, SAFE, no throw
Batting: RHB Rob Morse 0-0: Called Strike
0-1: Fielders Choice at 2nd, 5-4 (Groundball, 56)
Batting: RHB Aaron Dixon 0-0: Ball
1-0: Called Strike
1-1: Called Strike
1-2: Hit by Pitch
Rob Morse to second
Batting: RHB Erik Sterk 0-0: Ball
1-0: Foul Ball, location: 2F
1-1: Ball
2-1: Swinging Strike
2-2: Ball
3-2: Strikes out swinging
Batting: RHB Billy Hess 0-0: Ball
1-0: Ball
2-0: Ball
3-0: Called Strike
3-1: Called Strike
3-2: SINGLE (Flyball, 7S)
Rob Morse to third
Aaron Dixon to second
Rob Morse scores
Aaron Dixon to third
Batting: LHB Tim Stinson 0-0: Called Strike
0-1: DOUBLE (Line Drive, 78D)
Aaron Dixon scores
Billy Hess to third
Batting: RHB Peter Agulera 0-0: Called Strike
0-1: Ground out 5-3 (Groundball, 56S)
Bottom of the 5th over - 3 run(s), 4 hit(s), 0 error(s), 2 left on base; Casper 1 - Ft. Polk South 4
TOP OF THE 6TH
Casper Ghosts batting - Pitching for Ft. Polk South Thunder Hawks : RHP Ramón Solís
Batting: RHB Richard Jost 0-0: Ball
1-0: Ground out 4-3 (Groundball, 4)
Batting: RHB Ron Coffman 0-0: Ball
1-0: Ball
2-0: Foul Ball, location: 2F
2-1: Swinging Strike
2-2: Strikes out looking
Batting: RHB Ron Thomas 0-0: Ball
1-0: Ball
2-0: Ball
3-0: Called Strike
3-1: Foul Ball, location: 2F
3-2: Reached on error, E5 (Groundball, 56)
Batting: RHB Bob Mager 0-0: Called Strike
0-1: Ball
1-1: SINGLE (Groundball, 3D)
Ron Thomas to second
Runner from 2nd tries for 3rd, SAFE, throw made to third
Bob Mager to second
Batting: RHB Burt Babbs 0-0: Called Strike
0-1: Swinging Strike
0-2: Ball
1-2: Foul Ball, location: 2F
1-2: Ball
2-2: Foul Ball, location: 2F
2-2: Foul Ball, location: 2F
2-2: Ground out 6-3 (Groundball, 6M)
Top of the 6th over - 0 run(s), 1 hit(s), 1 error(s), 2 left on base; Casper 1 - Ft. Polk South 4
BOTTOM OF THE 6TH
Ft. Polk South Thunder Hawks batting - Pitching for Casper Ghosts : RHP Júlio Vázquez
Batting: RHB Chan-Wook Park 0-0: Ball
1-0: Fly out, F9 (Flyball, 9LMF)
Batting: RHB Peter Feng 0-0: Hit by Pitch
Batting: RHB Jesús Torres 0-0: Ball
Peter Feng steals 2nd base
1-0: Fly out, F8 (Flyball, 8RM)
Batting: RHB Rob Morse 0-0: Ball
1-0: Foul Ball, location: 2F
1-1: Fly out, F5 (Flyball, 56D)
Bottom of the 6th over - 0 run(s), 0 hit(s), 0 error(s), 1 left on base; Casper 1 - Ft. Polk South 4
TOP OF THE 7TH
Casper Ghosts batting - Pitching for Ft. Polk South Thunder Hawks : RHP Ramón Solís
Batting: RHB Manny Maltby 0-0: Called Strike
0-1: Called Strike
0-2: Foul Ball, location: 2F
0-2: Ball
1-2: Ground out 4-3 (Groundball, 4)
Batting: RHB Blake Snow 0-0: Called Strike
0-1: Ball
1-1: Fly out, F9 (Flyball, 9LMF)
Batting: RHB Warner Robinson 0-0: Ball
1-0: SINGLE (Line Drive, 7LS)
Pitching: LHP César Vásquez
Batting: LHB Kyle Mann 0-0: Foul Ball, location: 2F
0-1: Called Strike
0-2: Ball
1-2: Strikes out swinging
Top of the 7th over - 0 run(s), 1 hit(s), 0 error(s), 1 left on base; Casper 1 - Ft. Polk South 4
BOTTOM OF THE 7TH
Ft. Polk South Thunder Hawks batting - Pitching for Casper Ghosts : RHP Júlio Vázquez
Batting: RHB Aaron Dixon 0-0: SINGLE (Groundball, 56D)
Batting: RHB Erik Sterk 0-0: Called Strike
0-1: Bunted foul
0-2: Grounds into double play, 6-4-3 (Groundball, 6)
Batting: RHB Billy Hess 0-0: Called Strike
0-1: Foul Ball, location: 2F
0-2: Strikes out swinging
Bottom of the 7th over - 0 run(s), 1 hit(s), 0 error(s), 0 left on base; Casper 1 - Ft. Polk South 4
TOP OF THE 8TH
Casper Ghosts batting - Pitching for Ft. Polk South Thunder Hawks : LHP César Vásquez
Batting: RHB Richard Jost 0-0: Ball
1-0: Ball
2-0: Ball
3-0: Base on Balls
Pitching: RHP Joey Hamman
Batting: RHB Ron Coffman 0-0: Ball
1-0: Called Strike
1-1: SINGLE (Groundball, 6D)
Richard Jost to second
Batting: RHB Ron Thomas 0-0: Called Strike
0-1: Swinging Strike
0-2: Fielders Choice at 2nd, 1-4 (Groundball, 15S)
Richard Jost to third
Batting: RHB Bob Mager 0-0: Called Strike
0-1: Ball
1-1: Swinging Strike
1-2: Strikes out swinging
Batting: RHB Burt Babbs 0-0: Foul Ball, location: 2F
0-1: Ball
1-1: Foul Ball, location: 2F
1-2: Strikes out swinging
Top of the 8th over - 0 run(s), 1 hit(s), 0 error(s), 2 left on base; Casper 1 - Ft. Polk South 4
BOTTOM OF THE 8TH
Ft. Polk South Thunder Hawks batting - Pitching for Casper Ghosts : RHP Júlio Vázquez
Batting: LHB Tim Stinson 0-0: Ball
1-0: SINGLE (Line Drive, 89S)
Batting: RHB Peter Agulera 0-0: Bunted foul
0-1: Bunted foul
0-2: Ball
1-2: SINGLE (Flyball, 8RS)
Tim Stinson to second
Batting: RHB Chan-Wook Park 0-0: Called Strike
0-1: Called Strike
0-2: Ball
1-2: Fly out, F5 (Popup, 5S)
Batting: RHB Peter Feng 0-0: Ball
1-0: Foul Ball, location: 2F
1-1: Ball
2-1: Ball
3-1: Base on Balls
Tim Stinson to third
Peter Agulera to second
Pitching: RHP Tadayoshi Tanaka
Pinch Hitting: RHB Pedro Méndez 0-0: Called Strike
0-1: Ball
1-1: Fly out, F7 (Line Drive, 78M)
Runner from 3rd tags up, SCORES, no throw
Batting: RHB Rob Morse 0-0: Called Strike
0-1: Ball
1-1: Ball
2-1: Ball
3-1: Fly out, F9 (Flyball, 89M)
Bottom of the 8th over - 1 run(s), 2 hit(s), 0 error(s), 2 left on base; Casper 1 - Ft. Polk South 5
TOP OF THE 9TH
Casper Ghosts batting - Pitching for Ft. Polk South Thunder Hawks : RHP Joey Hamman
Now at SS: José Morín
Batting: RHB Manny Maltby 0-0: Called Strike
0-1: Ball
1-1: Ground out 6-3 (Groundball, 6)
Batting: RHB Blake Snow 0-0: Foul Ball, location: 2F
0-1: Ball
1-1: Called Strike
1-2: Ground out 6-3 (Groundball, 6S)
Batting: RHB Warner Robinson 0-0: Ball
1-0: Foul Ball, location: 2F
1-1: Fly out, F8 (Flyball, 8RS)
Top of the 9th over - 0 run(s), 0 hit(s), 0 error(s), 0 left on base; Casper 1 - Ft. Polk South 5
Friday, August 25th, 2017 - OOTP Baseball 17.12 Build 75